 Dungeon Crawl Stone Soup version 0.23-a0-14-g8c9a20f (webtiles) character file.

21987 Amnesiac the Geomancer (level 12, -10/74 HPs)
             Began as a Mummy Earth Elementalist on Aug 2, 2018.
             Was a High Priest of Vehumet.
             Mangled by a yak (13 damage)
             ... on level 13 of the Dungeon.
             The game lasted 00:24:39 (13880 turns).

Amnesiac the Geomancer (Mummy Earth Elementalist)  Turns: 13880, Time: 00:24:40

Health: -10/74     AC: 10    Str: 12    XL:     12   Next: 59%
Magic:  3/29       EV: 12    Int: 18    God:    Vehumet [*****.]
Gold:   679        SH:  9    Dex: 13    Spells: 23/38 levels left

rFire    + . .     SeeInvis .   a - +0 hunting sling
rCold    + . .     Gourm    .   u - +0 buckler
rNeg     + + +     Faith    .   r - +0 ring mail {rF+}
rPois    ∞         Spirit   .   d - +1 hat {MR+}
rElec    .         Reflect  +   (no cloak)
rCorr    .         Harm     .   E - +3 pair of gauntlets of War {Slay+5}
MR       ++...                  (no boots)
Stlth    +.........             x - +4 amulet of reflection
HPRegen  0.22/turn              f - +2 ring of evasion
MPRegen  0.21/turn              w - ring of protection from fire

@: very slightly contaminated, slowed, very slow
A: no food or potions, fire vulnerability, cold resistance 1, negative energy
resistance 3, torment resistance, unbreathing
a: Renounce Religion


You were on level 13 of the Dungeon.
You worshipped Vehumet.
Vehumet was extremely pleased with you.
You were not hungry.

You visited 2 branches of the dungeon, and saw 14 of its levels.

You collected 679 gold pieces.

Inventory:

Hand Weapons
 a - a +0 hunting sling (weapon)
 o - a +0 spear of flaming
 p - a +0 dagger of flaming
Missiles
 b - 25 stones
 q - 86 sling bullets (quivered)
 z - a throwing net
Armour
 d - a +1 hat of magic resistance (worn)
 r - a +0 ring mail of fire resistance (worn)
 u - a +0 buckler (worn)
 E - the +3 pair of gauntlets of War (worn) {Slay+5}
   (You found it on level 12 of the Dungeon)

   It affects your accuracy and damage with ranged weapons and melee attacks
   (+5).
Jewellery
 f - a +2 ring of evasion (left hand)
 s - an uncursed ring of see invisible
 v - an uncursed ring of protection from fire
 w - a ring of protection from fire (right hand)
 x - a +4 amulet of reflection (around neck)
 B - an uncursed ring of flight
Wands
 C - a wand of digging (4)
 G - a wand of polymorph (16)
Scrolls
 c - a scroll of holy word {!r, unknown}
 e - a scroll of remove curse {!r}
 g - 2 scrolls of fog {!r}
 h - 6 scrolls of identify {!r}
 i - 5 scrolls of enchant armour {!r}
 j - a scroll of magic mapping {!r}
 k - 9 scrolls of teleportation {!r}
 l - 2 scrolls of immolation {!r}
 m - 3 scrolls of enchant weapon {!r}
 n - 5 scrolls of amnesia {!r}
 y - 3 scrolls of silence {!r}
 A - a scroll of summoning {!r, unknown}
 D - a scroll of acquirement {!r}
Miscellaneous
 F - a sack of spiders


   Skills:
 - Level 1.5 Dodging
 - Level 1.5 Stealth
 - Level 4.3 Shields
 + Level 13.8 Spellcasting
 - Level 0.7 Transmutations
 * Level 13.9 Earth Magic


You had 23 spell levels left.
You knew the following spells:

 Your Spells              Type           Power        Failure   Level  Hunger
a - Sandblast             Erth           ######       1%          1    N/A
b - Passwall              Tmut/Erth      #####...     1%          2    N/A
c - Stone Arrow           Conj/Erth      #####.       1%          3    N/A
d - Lee's Rapid Deconstr  Erth           ######....   1%          5    N/A
e - Petrify               Tmut/Erth      #####...     6%          4    N/A

Your spell library contained the following spells:

 Spells                   Type           Power        Failure   Level  Hunger
 Cause Fear               Hex            ##........   77%         4    N/A
 Bolt of Fire             Conj/Fire      ##........   98%         6    N/A
 Deflect Missiles         Chrm/Air       ##........   100%        6    N/A
 Silence                  Hex/Air        ##........   98%         5    N/A
 Discord                  Hex            ##........   100%        8    N/A
 Yara's Violent Unravell  Hex/Tmut       ##........   56%         5    N/A
 Ignition                 Fire           ##........   100%        8    N/A

Dungeon Overview and Level Annotations

Branches:
Dungeon (13/15)            Temple (1/1) D:5            Lair (0/6) D:10
    Orc (0/2) D:10
 Vaults: D:13-14

Altars:
Ashenzari
Dithmenos
Elyvilon
Gozag
Nemelex Xobeh
Sif Muna
Uskayaw
Vehumet
Wu Jian
The Shining One

Shops:
D:6 =*(   D:7 [=*   D:9 (


Innate Abilities, Weirdness & Mutations

You do not eat or drink.
Your flesh is vulnerable to fire.
You are immune to poison.
Your flesh is cold resistant. (rC+)
You are immune to negative energy. (rN+++)
You are immune to unholy pain and torment.
You can survive without breathing.


Message History

Press: ? - help, Shift-Dir - straight line, f/p - freezing wraith
Aim: a freezing wraith (severely damaged)
The blast of sand hits the freezing wraith.
The freezing wraith is severely damaged.
b - 25 stones The freezing wraith hits you but does no damage.
The freezing wraith hits you.
* * * LOW HITPOINT WARNING * * *
The freezing wraith drains your vigour!
You feel as though you will be slow longer.
Really read
k - 11 scrolls of teleportation {!r}?
As you read the scroll of teleportation {!r}, it crumbles to dust.
You feel strangely unstable. The freezing wraith barely misses you.
You block the freezing wraith's attack.
Your surroundings suddenly seem different.
An orc comes into view. It is wielding an enchanted hand axe.
The orc shouts!
An orc priest comes into view. It is wielding a war axe.
The orc priest shouts!
An orc comes into view. It is wielding a hand axe of chopping.
The orc shouts!
An orc warrior comes into view. It is wielding a flail.
The orc warrior shouts!
You hear a shout! x4
An orc comes into view. It is wielding a hand axe.
An orc comes into view. It is wielding a dagger.
An orc comes into view. It is wielding a hand axe.
An orc priest comes into view.
An orc comes into view. It is wielding a dagger.
The orc moves out of view.
The orc warrior moves out of view.
The orc moves out of view.
You hear a shout!
Found 34 gold pieces and a scroll of identify.
An ogre comes into view. It is wielding a giant club.
Really read
k - 10 scrolls of teleportation {!r}?
As you read the scroll of teleportation {!r}, it crumbles to dust.
You feel strangely unstable.
The orc shouts!
You hear a shout! x5
An orc comes into view. It is wielding a dagger.
An orc warrior comes into view. It is wielding a hand axe.
An ogre comes into view. It is wielding a giant club.
Your surroundings suddenly seem different.
A yak comes into view.
The yak bellows!
A yak comes into view.
The yak bellows!
A yak comes into view.
The yak bellows!
An orc comes into view. It is wielding a short sword.
The orc shouts!
A yak comes into view.
The yak bellows!
The yak barely misses you. The yak gores you.
* * * LOW HITPOINT WARNING * * *
The ogre moves out of view.
Found a stone staircase leading down.
A yak comes into view.
The yak misses you. The yak closely misses you.
The yak gores you but does no damage. The yak barely misses you.
The yak misses you. The yak gores you.
* * * LOW HITPOINT WARNING * * *
You open the door. The yak gores you!
* * * LOW HITPOINT WARNING * * *
The yak gores you but does no damage. The yak misses you. The yak gores you!
You die...

#......#
#.
#......#
####.####
#......#
........#
#..>...#
.........
#......#
....>..<#
#......+
..^.....#
#....Y.#
........#
#...oYY#
#.#######
#...Y@Y#
#
####'###
#. ##


You could see 5 yaks and an orc.

Vanquished Creatures
  Harold (D:9)
  A hydra (D:12)
  8 two-headed ogres
  7 wizards (D:12)
  An ugly thing (D:12)
  A cyclops (D:9)
  A manticore (D:12)
  2 gargoyles (D:13)
  2 centaur skeletons (D:11)
  2 komodo dragons
  A troll (D:12)
  A queen bee (D:11)
  2 hippogriffs
  A human (D:8)
  12 yaks
  3 hogs (D:8)
  2 hungry ghosts
  A wyvern (D:8)
  2 acid dragons
  3 sky beasts
  8 orc warriors
  A black bear (D:12)
  An eye of draining (D:12)
  3 ice beasts
  2 necrophages
  3 phantoms
  3 ogres
  3 centaurs
  A big kobold (D:10)
  A bullfrog (D:8)
  4 scorpions
  A wyvern skeleton (D:9)
  24 killer bees
  8 wights
  An electric eel (D:7)
  3 howler monkeys
  2 crimson imps
  2 bullfrog zombies
  A quasit (D:12)
  2 jellies
  5 orc priests
  4 hounds
  2 bullfrog skeletons
  5 iguanas
  6 orc wizards
  8 worker ants
  A worker ant zombie (D:7)
  9 gnolls
  16 adders
  A howler monkey skeleton (D:6)
  2 oozes
  2 worms
  2 dart slugs
  10 leopard geckos
  28 orcs
  5 giant cockroaches
  4 goblins
  6 hobgoblins
  9 jackals
  7 quokkas
  2 ball pythons
  6 bats
  5 frilled lizards
  7 kobolds
  A quokka skeleton (D:4)
  A quokka zombie (D:9)
  7 rats
289 creatures vanquished.

Vanquished Creatures (collateral kills)
  A quasit (D:8)
  3 gnolls (D:7)
4 creatures vanquished.

Vanquished Creatures (others)
  A centaur (D:8)
  16 plants (D:11)
17 creatures vanquished.

Grand Total: 310 creatures vanquished

Notes
Turn   | Place    | Note
-------+----------+-------------------------------------------
     0 | D:1      | Amnesiac the Mummy Earth Elementalist began the quest for the Orb.
     0 | D:1      | Reached XP level 1. HP: 13/13 MP: 4/4
    69 | D:2      | Reached XP level 2. HP: 19/19 MP: 0/5
    73 | D:2      | Learned a level 2 spell: Passwall
   255 | D:4      | Reached XP level 3. HP: 24/24 MP: 3/8
   284 | D:4      | Learned a level 3 spell: Stone Arrow
   478 | D:4      | Noticed a phantom
   488 | D:4      | Killed a phantom
   488 | D:4      | Reached skill level 5 in Spellcasting
   488 | D:4      | Reached XP level 4. HP: 19/30 MP: 2/11
   488 | D:4      | Reached XP level 5. HP: 23/35 MP: 2/13
   562 | D:4      | Learned a level 4 spell: Petrify
   568 | D:4      | Learned a level 5 spell: Lee's Rapid Deconstruction
   650 | D:4      | Noticed a phantom
   666 | D:4      | Killed a phantom
   891 | D:4      | Reached XP level 6. HP: 41/41 MP: 6/15
  1505 | D:5      | Entered Level 5 of the Dungeon
  1512 | D:5      | Found a white marble altar of Elyvilon.
  1537 | D:5      | Found a staircase to the Ecumenical Temple.
  1547 | Temple   | Entered the Ecumenical Temple
  1554 | Temple   | Became a worshipper of Vehumet
  2801 | D:2      | Reached skill level 5 in Earth Magic
  2852 | D:2      | Reached * piety under Vehumet
  2852 | D:2      | Offered knowledge of Magic Dart by Vehumet.
  3442 | D:3      | Found an opulent altar of Gozag.
  3495 | D:3      | Reached XP level 7. HP: 30/46 MP: 13/16
  4414 | D:6      | Found a hide-covered altar of Uskayaw.
  4518 | D:6      | Found Sodydoox's Antique Weapon Boutique.
  4954 | D:6      | Identified Ucafa's Papyrus of Torrid Talismans
  4994 | D:6      | HP: 1/46 [orc warrior/flail (11)]
  5308 | D:6      | Found Raawunirph's Jewellery Shoppe.
  5314 | D:6      | Found Puyxilut's General Store.
  5335 | D:6      | Reached XP level 8. HP: 52/52 MP: 18/18
  5669 | D:7      | Found a shattered altar of Ashenzari.
  5689 | D:7      | Offered knowledge of Throw Frost by Vehumet.
  5690 | D:7      | Reached ** piety under Vehumet
  5690 | D:7      | Reached skill level 1 in Shields
  5857 | D:7      | Found Uqydghes's General Store.
  6240 | D:7      | Found Faz Vai's Armour Boutique.
  6254 | D:7      | Found Soraesy's Jewellery Emporium.
  6538 | D:8      | Offered knowledge of Searing Ray by Vehumet.
  6872 | D:8      | Reached XP level 9. HP: 55/57 MP: 16/21
  7082 | D:8      | Reached *** piety under Vehumet
  7401 | D:8      | Noticed a two-headed ogre
  7403 | D:8      | Killed a two-headed ogre
  7525 | D:8      | Reached XP level 10. HP: 63/63 MP: 5/23
  7724 | D:8      | Found a shadowy altar of Dithmenos.
  7725 | D:8      | Noticed a two-headed ogre
  7755 | D:8      | Killed a two-headed ogre
  7755 | D:8      | Reached skill level 10 in Earth Magic
  7982 | D:8      | Reached skill level 10 in Spellcasting
  8059 | D:9      | Noticed a two-headed ogre
  8063 | D:9      | Killed a two-headed ogre
  8193 | D:9      | Found Difrargh's Antique Weapon Shop.
  8539 | D:9      | Offered knowledge of Throw Icicle by Vehumet.
  8766 | D:9      | Found a sparkling altar of Nemelex Xobeh.
  8820 | D:9      | Found a sparkling altar of Nemelex Xobeh.
  8838 | D:9      | Found an ornate altar of the Wu Jian Council.
  8979 | D:9      | Noticed a cyclops
  8985 | D:9      | Killed a cyclops
  9135 | D:9      | Reached **** piety under Vehumet
  9179 | D:9      | Noticed Harold
  9286 | D:9      | Killed Harold
  9286 | D:9      | Reached XP level 11. HP: 37/68 MP: 4/26
  9726 | D:10     | Entered Level 10 of the Dungeon
  9837 | D:10     | Noticed a two-headed ogre
  9886 | D:10     | Killed a two-headed ogre
 10133 | D:10     | Found a staircase to the Orcish Mines.
 10264 | D:10     | Found a staircase to the Lair.
 10278 | D:10     | Offered knowledge of Mephitic Cloud by Vehumet.
 10360 | D:10     | Noticed a two-headed ogre
 10375 | D:10     | Killed a two-headed ogre
 10496 | D:10     | Found a glowing golden altar of the Shining One.
 10579 | D:10     | Noticed a two-headed ogre
 10586 | D:10     | Killed a two-headed ogre
 12193 | D:12     | Found the +3 pair of gauntlets of War {Slay+5}
 12366 | D:12     | Noticed a red ugly thing
 12482 | D:12     | Noticed a two-headed ogre
 12495 | D:12     | Killed a two-headed ogre
 12565 | D:12     | Killed a red ugly thing
 12797 | D:12     | Reached XP level 12. HP: 74/74 MP: 20/28
 12939 | D:12     | Noticed a seven-headed hydra
 12945 | D:12     | Killed a seven-headed hydra
 13005 | D:12     | Noticed a two-headed ogre
 13018 | D:12     | Killed a two-headed ogre
 13792 | D:12     | Reached ***** piety under Vehumet
 13867 | D:13     | Identified a scroll of acquirement {!r}
 13880 | D:13     | HP: 3/74 [yak (7)]
 13880 | D:13     | Mangled by a yak

Vault maps used:
D:1:      saegor_arrival_under_anarchy, minmay_small_reverse_x
D:2:      grunt_decor_arrowhead, hangedman_glass_teeth, minmay_misc_feat_tiny
D:3:      grunt_gozag_statues, first_ration
D:5:      elyvilon_altar_4, minmay_temple_entry_glass, grunt_decor_one_mirror
D:6:      marbit_many_paths, serial_shops, nicolae_shop_statue_plus, shop,
          kennysheep_mini
D:7:      evilmike_ruin_ashenzari, serial_shops, nicolae_shop_waterfront,
          nicolae_shop_waterfront, shop
D:8:      overflow_temple_1_default, grunt_livestock, abandoned_shop
D:9:      nemelex_xobeh_ov_fountains_minmay, kennysheep_little_box,
          serial_shops, nicolae_shop_window_shopping, nemelex_dance_club_becter,
          uniq_harold
D:10:     lair_entry_dummy, orc_0_dummy, basic_altar
D:11:     nicolae_looking_at_the_future
D:12:     minmay_wizard_corner, serial_glass, glass_columns_b, glass_columns_a,
          glass_columns_a, glass_columns_a, glass_columns_a, glass_columns_c
D:13:     david_vaults_4, enter_bailey_2, uniq_erolcha
Temple:   regret_index_temple_waves

Skill      XL: |  1  2  3  4  5  6  7  8  9 10 11 12 |
---------------+-------------------------------------+-----
Earth Magic    | 3 4 5 6 8 9 11 12 13 | 13.9
Spellcasting   | 4 5 6 8 9 11 12 13 | 13.8
Shields        | 2 4 |  4.3
Dodging        | |  1.5
Stealth        | |  1.5
Transmutations | |  0.7

Action                   |  1- 3 |  4- 6 |  7- 9 | 10-12 || total
-------------------------+-------+-------+-------+-------++-------
Melee: Unarmed           |     3 |       |       |       ||     3
       Mace              |       |    11 |       |       ||    11
       Spear             |       |   164 |     6 |       ||   170
 Fire: Hunting sling     |       |       |   103 |    76 ||   179
Throw: Throwing net      |       |       |       |     2 ||     2
 Cast: Sandblast         |    24 |    77 |    84 |    61 ||   246
       Stone Arrow       |       |     1 |     4 |       ||     5
       Lee's Rapid Decon |       |       |    20 |   173 ||   193
       Petrify           |       |       |     1 |     4 ||     5
Evoke: Wand              |       |       |     4 |     2 ||     6
  Use: Scroll            |     1 |    10 |     1 |     9 ||    21
 Stab: Sleeping          |     1 |     5 |       |       ||     6
Armor: Robe              |       |    21 |     7 |       ||    28
       Ring mail         |       |       |       |    12 ||    12
Dodge: Dodged            |     9 |   163 |    53 |    48 ||   273
Block: Buckler           |       |       |    18 |    38 ||    56
       Other             |       |       |     5 |       ||     5
       Reflection        |       |       |     5 |     2 ||     7

Table legend:
 A = Spawn XP
 B = Non-spawn XP
 C = Spawn XP percentage of total XP
 D = Spawn monster count
 E = Non-spawn monster count
 F = Spawn count percentage of total count
 G = Total turns spent on level
                    A         B        C        D         E        F      G
               +---------+---------+-------+---------+---------+-------+---------
         Total |       0 |   31410 |   0.0 |       0 |     294 |   0.0 | 13880
               +---------+---------+-------+---------+---------+-------+---------
           D:1 |       0 |      41 |   0.0 |       0 |      14 |   0.0 |   876
           D:2 |       0 |      88 |   0.0 |       0 |      26 |   0.0 |   921
           D:3 |       0 |     157 |   0.0 |       0 |      22 |   0.0 |   624
           D:4 |       0 |     442 |   0.0 |       0 |      18 |   0.0 |  1340
           D:5 |       0 |      55 |   0.0 |       0 |       5 |   0.0 |   578
           D:6 |       0 |     646 |   0.0 |       0 |      14 |   0.0 |  1242
           D:7 |       0 |     966 |   0.0 |       0 |      31 |   0.0 |  1145
           D:8 |       0 |    4529 |   0.0 |       0 |      33 |   0.0 |  1312
           D:9 |       0 |    4865 |   0.0 |       0 |      34 |   0.0 |  1669
          D:10 |       0 |    3706 |   0.0 |       0 |      20 |   0.0 |  1258
          D:11 |       0 |    3267 |   0.0 |       0 |      34 |   0.0 |  1185
          D:12 |       0 |   11286 |   0.0 |       0 |      38 |   0.0 |  1624
          D:13 |       0 |    1349 |   0.0 |       0 |       4 |   0.0 |    87
        Temple |       0 |      13 |   0.0 |       0 |       1 |   0.0 |    19
               +---------+---------+-------+---------+---------+-------+---------
